 Dungeon Crawl Stone Soup version 0.31.0-11-ge490571c62 (webtiles) character file.

Game seed: 11916119816701928472

204 ProzacElf the Chopper (level 5, -2/45 HPs)
             Began as a Hill Orc Monk on Jan 26, 2024.
             Slain by a gnoll bouda
             ... wielding a +0 club
              (9 damage)
             ... on level 3 of the Dungeon.
             The game lasted 00:03:46 (3019 turns).

ProzacElf the Chopper (Hill Orc Monk)               Turns: 3019, Time: 00:03:47

Health: -2/45      AC:  6    Str: 16    XL:     5   Next: 82%
Magic:  5/5        EV: 12    Int: 10    God:
Gold:   221        SH:  0    Dex: 13    Spells: 2/4 levels left

rFire   . . .        a - +0 hand axe
rCold   . . .        d - orb {light}
rNeg    . . .        g - +0 ring mail
rPois   .            m - +0 helmet
rElec   .            (no cloak)
rCorr   .            (no gloves)
SInv    .            (no boots)
Will    .....        (no amulet)
Stlth   +            (no ring)
HPRegen 0.27/turn    (no ring)
MPRegen 0.09/turn

%: no passive effects
@: weakened, glowing
A: no striking features
a: no special abilities


You were on level 3 of the Dungeon.
You visited 1 branch of the dungeon, and saw 4 of its levels.

You collected 221 gold pieces.

Inventory:

Hand Weapons
 a - a +0 hand axe (weapon)
Armour
 b - a +0 robe
 d - an orb of light (worn)
 g - a +0 ring mail (worn)
 m - a +0 helmet (worn)
Scrolls
 f - 5 scrolls of teleportation {unknown}
 i - a scroll of torment
 j - 2 scrolls of revelation {unknown}
 n - 2 scrolls of identify {unknown}
Potions
 c - a potion of ambrosia {!e}
 e - a potion of enlightenment {unknown}
 h - 6 potions of curing {unknown}
 k - a potion of brilliance {unknown}
 l - a potion of attraction {unknown}
 o - a potion of cancellation {unknown}
 p - a potion of mutation {unknown}


   Skills:
 - Level 3.6 Fighting
 + Level 6.5 Axes
 + Level 4.0 Dodging


You had 2 spell levels left.
You knew the following spells:

 Your Spells              Type           Power      Damage    Failure   Level
o - Blink                 Tloc           0%         N/A       73%         2

Your spell library contained the following spells:

 Spells                   Type           Power      Damage    Failure   Level
 Lesser Beckoning         Tloc           0%         N/A       73%         2
 Momentum Strike          Conj/Tloc      0%         3d8       73%         2
 Static Discharge         Conj/Air       0%         3-3/arc   73%         2
 Airstrike                Air            0%         2d(0-16)  100%        4
 Summon Lightning Spire   Summ/Air       0%         N/A       100%        4


Dungeon Overview and Level Annotations

Branches:
Dungeon (4/15)
 Temple: D:4-7

Altars:
Kikubaaqudgha


Message History

Tha gnoll bouda gazes fiercely through ye!
Ye feel as though ye will be weak longer.
Ye take 4 damage, an' haf 39/45 hp.
An orc comes inta view.
It be wieldin' a +0 trident.
Tha gnoll hits ye but does nay damage.
Tha gnoll throws a throwin' net.
Tha throwin' net hits ye.
Ye become entangled in tha net!
Ye struggle against tha net.
Tha gnoll hits ye from afar wit' a +0 spear.
Tha gnoll hits ye but does nay damage.
Tha gnoll bouda hits ye wit' a +0 club!
Ye take 12 damage, an' haf 27/45 hp.
MASSIVE DAMAGE!!
Ye struggle against tha net.
Tha gnoll hits ye from afar wit' a +0 spear.
Tha gnoll completely misses ye.
Tha gnoll barely misses ye.
Ye take 2 damage, an' haf 25/45 hp.
Ye struggle against tha net.
Tha gnoll hits ye from afar wit' a +0 spear. x2
Tha gnoll hits ye but does nay damage.
Tha gnoll bouda barely misses ye.
Ye take 5 damage, an' haf 20/45 hp.
Ye rip tha net an' break free!
Tha gnoll closely misses ye. x2
Tha ogre misses ye.
Tha gnoll hits ye from afar wit' a +0 spear.
Tha gnoll bouda misses ye.
Ye take 2 damage, an' haf 18/45 hp.
Tha gnoll hits ye from afar wit' a +0 spear.
Tha gnoll barely misses ye.
Tha ogre barely misses ye.
Tha gnoll hits ye from afar wit' a +0 spear.
* * * LOW HITPOINT WARNIN'
* * * Tha gnoll bouda hits ye but does nay damage.
Ye climb upwards.
Yer attacks nay longer feel as feeble.
Thar be a stone staircase leadin' down 'ere.
Ye take 6 damage, an' haf 12/45 hp.
As ye read tha scroll labelled ABOOCHU TALUCW, it crumbles ta dust.
Yer body be wracked wit' pain!
* * * LOW HITPOINT WARNIN'
* * * Tha gnoll bouda convulses!
Tha ogre convulses!
It was a scroll o' tormn't.
Tha gnoll bouda gazes fiercely through ye!
Ye feel yer attacks grow feeble.
Tha gnoll bouda hits ye wit' a +0 club!
Ye die...

......##.............##..........
.....................##..........
..###.......###########..........
.^# #....#.....# #....##.>.....
†.# #....#.....# ##...####.....#
..# #..........####....# #.....#
..#####................####.....#
......#.......).O.##.............
......#.........@g##.........#...
......#....<####.######......#...
........########+######......#...
....#...##........#..........####
....#...##........+..........+...
....#...##........#..........##..
....#...#...............#######.#
....#####.#############.# #.#
##### #.# #.# #.#


You could see an ogre and a gnoll bouda.

Vanquished Creatures
  A bombardier beetle (D:3)
  Natasha (thrice) (D:2)
  3 adders
  A ribbon worm (D:2)
  2 dart slugs
  2 orcs (D:3)
  9 ball pythons
  6 endoplasms
  5 hobgoblins
  3 jackals (D:1)
  6 kobolds
  4 quokkas
  3 bats
  5 frilled lizards
  7 goblins
  5 rats
65 creatures vanquished.

Notes
Turn   | Place    | Note
-------+----------+-------------------------------------------
     0 | D:1      | ProzacElf the Hill Orc Monk began the quest for the Orb.
     0 | D:1      | Reached XP level 1. HP: 19/19 MP: 1/1
   183 | D:1      | Found a faded altar of an unknown god.
   189 | D:1      | Reached XP level 2. HP: 25/26 MP: 2/2
   783 | D:1      | Reached XP level 3. HP: 31/31 MP: 3/3
  1196 | D:2      | Noticed Natasha
  1211 | D:2      | Killed Natasha
  1212 | D:2      | Reached skill level 5 in Axes
  1212 | D:2      | Reached XP level 4. HP: 28/39 MP: 4/4
  1410 | D:2      | Found an ancient bone altar of Kikubaaqudgha.
  1925 | D:2      | Noticed Natasha
  1934 | D:2      | Killed Natasha
  1935 | D:2      | Reached XP level 5. HP: 30/45 MP: 5/5
  1944 | D:2      | Noticed Natasha
  1948 | D:2      | Killed Natasha
  1949 | D:2      | Reached skill level 6 in Axes
  2584 | D:3      | Learned a level 2 spell: Blink
  3007 | D:4      | Noticed an ogre
  3019 | D:3      | Slain by a gnoll bouda

Illustrated notes

Levels and vault maps discovered:
D:1:      elethiomel_arrival_infinity_welcomes_careful_drivers,
          layout_loops_corners, shapermc_ecumenical_altar_starsandcircs,
          hangedman_decor_slide_cut
D:2:      minmay_evil_eye, layout_loops_corners, basic_altar,
          minmay_indecisive_spiral, uniq_natasha
D:3:      layout_basic
D:4:      minmay_thinvault, layout_basic, uniq_edmund, uniq_ijyb

Skill      XL: |  1  2  3  4  5 |
---------------+----------------+-----
Dodging        | 3 4 |  4.0
Axes           | 5 6 |  6.5
Fighting       | |  3.6

Action                     |  1- 3 |  4- 6 || total
---------------------------+-------+-------++-------
  Melee: Hand axe          |    89 |    95 ||   184
    Use: Scroll            |       |     1 ||     1
 Armour: Robe              |    19 |       ||    19
         Ring mail         |    19 |    67 ||    86
  Dodge: Dodged            |    50 |    53 ||   103

Action                     |  1- 3 |  4- 6 || total
---------------------------+-------+-------++-------
  Melee: Hand axe          |    89 |    95 ||   184
    Use: Scroll            |       |     1 ||     1
 Armour: Robe              |    19 |       ||    19
         Ring mail         |    19 |    67 ||    86
  Dodge: Dodged            |    50 |    53 ||   103

Levels and vault maps discovered:
D:1:      elethiomel_arrival_infinity_welcomes_careful_drivers,
          layout_loops_corners, shapermc_ecumenical_altar_starsandcircs,
          hangedman_decor_slide_cut
D:2:      minmay_evil_eye, layout_loops_corners, basic_altar,
          minmay_indecisive_spiral, uniq_natasha
D:3:      layout_basic
D:4:      minmay_thinvault, layout_basic, uniq_edmund, uniq_ijyb
